 Dungeon Crawl Stone Soup version 0.26-a0-259-g1effd001a9 (webtiles) character file.

Game seed: 9118926458322011496

627 mortelune the Slasher (level 7, 0/57 HPs)
             Began as a Formicid Abyssal Knight on July 17, 2020.
             Was an Initiate of Lugonu.
             Slain by an ogre
             ... wielding a +0 giant spiked club
              (24 damage)
             ... on level 4 of the Dungeon.
             The game lasted 00:07:59 (6832 turns).

mortelune the Slasher (Formicid Abyssal Knight)     Turns: 6832, Time: 00:08:00

Health: 0/57       AC:  5    Str: 16    XL:     7   Next: 77%
Magic:  8/8        EV:  7    Int: 18    God:    Lugonu [......]
Gold:   164        SH:  7    Dex: 12    Spells: 6/6 levels left

rFire    . . .     SeeInvis +   w - +0 rapier (distort)
rCold    . . .     Faith    .   e - +0 kite shield
rNeg     . . .     Spirit   .   g - +0 ring mail
rPois    .         Reflect  .   (helmet unavailable)
rElec    .         Harm     .   (no cloak)
rCorr    .                      (no gloves)
MR       .....                  (no boots)
Stlth    ++........             r - amulet of magic regeneration
HPRegen  0.19/turn              k - +6 ring of intelligence
MPRegen  0.36/turn              Q - ring of stealth

@: no status effects
A: permanent stasis, dig shafts and tunnels, four strong arms, antennae 3
a: Dig, Shaft Self, Renounce Religion


You were on level 4 of the Dungeon.
You worshipped Lugonu.
Lugonu was noncommittal.
You were not hungry.

You visited 1 branch of the dungeon, and saw 4 of its levels.
You visited the Abyss 2 times.

You collected 164 gold pieces.

Inventory:

Hand Weapons
 a - a +1 falchion
 w - a +0 rapier of distortion (weapon)
Missiles
 l - 6 javelins (quivered)
 m - 18 poisoned darts
Armour
 b - a +0 leather armour
 e - a +0 kite shield (worn)
 g - a +0 ring mail (worn)
Jewellery
 k - a +6 ring of intelligence (left hand)
 r - an amulet of magic regeneration (around neck)
 Q - a ring of stealth (right hand)
Wands
 B - a wand of iceblast (6)
Scrolls
 c - 2 scrolls of amnesia {unknown}
 d - 3 scrolls of fear {unknown}
 i - 3 scrolls of identify
 n - 3 scrolls of remove curse
 q - 4 scrolls of teleportation {unknown}
 s - a scroll of enchant armour {unknown}
 t - a scroll of random uselessness {unknown}
 x - a scroll of noise {unknown}
 y - a scroll of blinking {unknown}
 C - a scroll of fog {unknown}
Potions
 f - 3 potions of ambrosia {unknown}
 h - 4 potions of brilliance {unknown}
 j - a potion of might {unknown}
 o - a potion of mutation {unknown}
 p - a potion of resistance {unknown}
 v - a potion of curing
 z - 3 potions of magic {unknown}
 A - a potion of heal wounds {unknown}
Comestibles
 u - 4 rations


   Skills:
 + Level 5.9 Fighting
 * Level 6.7 Long Blades
 - Level 2.1 Armour
 - Level 0.8 Dodging
 - Level 2.1 Invocations


You had 6 spell levels left.
You didn't know any spells.
Your spell library contained the following spells:

 Spells                   Type           Power        Failure   Level
 Magic Dart               Conj           #...         96%         1


Dungeon Overview and Level Annotations

Branches:
Dungeon (4/15)
 Temple: D:4-7

Altars:
Kikubaaqudgha
Sif Muna
Vehumet

Shops:
D:4 [

Annotations:
Abyss:1 Blork the orc


Innate Abilities, Weirdness & Mutations

You cannot be hasted, slowed, berserked, paralysed or teleported.
You can dig through walls and to a lower floor.
Your four strong arms can wield two-handed weapons with a shield.
You have a pair of large antennae on your head. (SInv)


Message History

Ijyb hits you but does no damage.
You hit Ijyb.
Space warps horribly around Ijyb!
You kill Ijyb!
Lugonu accepts your kill.
You see here a +0 leather armour.
The ogre hits you with a +0 giant spiked club!!
You completely miss the ogre.
The ogre hits you with a +0 giant spiked club!
You barely miss the ogre. You closely miss the ogre.
You block the ogre's attack.
You hit the ogre.
Space bends around the ogre.
The ogre is moderately wounded.
The ogre closely misses you.
You closely miss the ogre.
The ogre is moderately wounded.
The ogre barely misses you.
Your shield and ring mail prevent you from hitting the ogre.
The ogre is moderately wounded.
The ogre hits you with a +0 giant spiked club!!
You die...

.#### ##...............#
##.#
....###......(..##.##..#
#..#
........#.########.##..#
#.## †...#####.#
#...##.. #.# .#### #.#
#.####... #.# .# #.#
#......# #.# .#
#.######.###.#.. #.# .#
........[....... ..# .#
{ .#####.@#.###.. ### .#
#.O.## .# #..## .# ...#
.# ##..# ## #..# #..#
#..#


You could see an ogre.

Vanquished Creatures
  2 scorpions (D:4)
  A centaur skeleton (D:4)
  3 orc wizards
  2 orc priests (D:3)
  Ijyb (D:4)
  Natasha (thrice) (D:2)
  5 adders
  2 dart slugs
  A leopard gecko (D:3)
  14 orcs
  5 giant cockroaches
  6 goblins
  6 hobgoblins
  4 jackals (D:4)
  A quokka (D:3)
  2 ball pythons (D:3)
  9 bats
  5 frilled lizards
  8 kobolds
  5 rats
85 creatures vanquished.

Vanquished Creatures (others)
  A worker ant (D:4)
  An iguana (D:4)
2 creatures vanquished.

Grand Total: 87 creatures vanquished

Notes
Turn   | Place    | Note
-------+----------+-------------------------------------------
     0 | Abyss:1  | mortelune the Formicid Abyssal Knight began the quest for
                  | the Orb.
     0 | Abyss:1  | Reached XP level 1. HP: 18/18 MP: 2/2
    10 | Abyss:1  | Found an iron altar of Okawaru.
    87 | Abyss:1  | Found a corrupted altar of Lugonu.
   120 | Abyss:1  | Found a stormy altar of Qazlal.
   273 | Abyss:1  | Noticed a ynoxinul
   275 | D:1      | Escaped the Abyss
   488 | D:1      | Reached XP level 2. HP: 10/24 MP: 3/3
   497 | D:1      | Reached * piety under Lugonu
  1325 | D:1      | Reached XP level 3. HP: 28/30 MP: 4/4
  1617 | D:1      | Reached skill level 3 in Long Blades
  2234 | D:2      | Reached XP level 4. HP: 37/37 MP: 5/5
  2300 | D:2      | Found a radiant altar of Vehumet.
  2307 | D:2      | Identified Vehumet's Compendium of Combat Magic
  2310 | D:2      | Found an ancient bone altar of Kikubaaqudgha.
  2311 | D:2      | Found a shimmering blue altar of Sif Muna.
  2378 | D:2      | Noticed Natasha
  2391 | D:2      | Killed Natasha
  2656 | D:2      | Noticed Natasha
  2666 | D:2      | Killed Natasha
  2666 | D:2      | Reached skill level 4 in Long Blades
  2666 | D:2      | Reached XP level 5. HP: 27/43 MP: 6/6
  3119 | D:2      | Noticed Natasha
  3127 | D:2      | Killed Natasha
  4101 | D:3      | Reached XP level 6. HP: 31/49 MP: 7/7
  4421 | D:3      | Reached skill level 5 in Long Blades
  4797 | D:3      | Cast into level 1 of the Abyss (orc)
  4798 | Abyss:1  | Noticed a thrashing horror
  4802 | D:3      | Escaped the Abyss
  4949 | D:3      | Reached skill level 5 in Fighting
  6150 | D:4      | Reached XP level 7. HP: 41/56 MP: 8/8
  6283 | D:4      | Reached skill level 6 in Long Blades
  6627 | D:4      | Noticed Blork the orc
  6662 | D:4      | Banished Blork the orc
  6728 | D:4      | Found Voureifo's Armour Emporium.
  6819 | D:4      | Noticed Ijyb
  6824 | D:4      | Killed Ijyb
  6832 | D:4      | Slain by an ogre

Illustrated notes

Levels and vault maps discovered:
D:1:      dpeg_arrival_oval, layout_basic, solitary_fountain
D:2:      layout_basic, grunt_temple_overflow_magic_moments, uniq_natasha
D:3:      layout_basic, first_ration, grunt_decor_cap, minmay_misc_feat_tiny,
          minmay_door_square
D:4:      layout_loops_ring, serial_shops, kennysheep_mini, uniq_ijyb,
          uniq_blork_the_orc

Skill      XL: |  1  2  3  4  5  6  7 |
---------------+----------------------+-----
Long Blades    | 3 4 5 6 |  6.7
Fighting       | 4 5 |  5.9
Armour         | |  2.1
Dodging        | |  0.8
Invocations    | |  2.1

Action                   |  1- 3 |  4- 6 |  7- 9 || total
-------------------------+-------+-------+-------++-------
Melee: Falchion          |    97 |   206 |       ||   303
       Rapier            |       |       |    39 ||    39
Invok: Depart the Abyss  |     1 |     1 |       ||     2
  Use: Scroll            |       |     2 |       ||     2
  Eat: Ration            |     1 |     4 |     1 ||     6
Armor: Leather armour    |    10 |       |       ||    10
       Ring mail         |    36 |    76 |     7 ||   119
       Skin              |       |       |     1 ||     1
Dodge: Dodged            |    49 |    60 |     7 ||   116
Block: Kite shield       |    36 |    88 |     9 ||   133
       Rpst.: Falchion   |    18 |    16 |       ||    34

Table legend:
 A = Non-vault XP
 B = Vault XP
 C = Vault XP percentage of total XP
 D = Non-vault monster count
 E = Vault monster count
 F = Vault count percentage of total count
                 A         B        C        D         E       F
            +---------+---------+-------+---------+---------+-------
      Total |     732 |     165 |  18.4 |      85 |       3 |   3.4
            +---------+---------+-------+---------+---------+-------
        D:1 |      47 |       0 |   0.0 |      21 |       0 |   0.0
        D:2 |     126 |      35 |  21.7 |      22 |       1 |   4.3
        D:3 |     201 |       0 |   0.0 |      26 |       0 |   0.0
        D:4 |     358 |     130 |  26.6 |      16 |       2 |  11.1
            +---------+---------+-------+---------+---------+-------
